 Dungeon Sprint DCSS version 0.19-a0-1401-g902f63d (webtiles) character file.

34582 poirepourri the Executioner (level 13, -48/153 HPs)
             Began as a Deep Dwarf Fighter on Sept 4, 2016.
             Was the Champion of Makhleb.
             Killed from afar by a frost giant (66 damage)
             ... with a bolt of cold
             ... in the Dungeon (Sprint V: "Ziggurat Sprint").
             The game lasted 00:08:44 (792 turns).

poirepourri the Executioner (Deep Dwarf Fighter)     Turns: 792, Time: 00:08:45

Health: -48/153    AC: 29    Str: 33    XL:     13   Next: 43%
Magic:  19/19      EV: 12    Int: 14    God:    Makhleb [******]
Gold:   0          SH: 37    Dex: 25    Spells: 0 memorised, 12 levels left

rFire  . . .     SeeInvis +     N - +14 obsidian axe {chop, +Fly SInv *Curse} (curse)
rCold  x . .     Gourm    .     L - +15 Maxwell's patent armour {-Cast -Tele rElec MR+ rCorr}
rNeg   + . .     Faith    .     M - +18 shield of the Gong {rElec rN+ MR+ EV-5}
rPois  .         Spirit   .     T - +0 helmet {SInv}
rElec  +         Dismiss  .     (no cloak)
rCorr  +         Reflect  +     Z - +0 pair of gloves of Follow the Leader {rElec rC- Slay+2}
MR     ++...     Harm     .     (no boots)
Stlth  +......... NoTele   +    c - amulet of Uggeru Zoyw {Reflect MR- Int+4 SH+5 SInv} NoCast +
                                B - +6 ring of dexterity
                                E - +6 ring of strength

@: mighty, agile, mesmerised, non-regenerating, studying Dodging
A: damage resistance, recharge devices, sense surroundings 2, slow regeneration
3
a: Device Recharging, Minor Destruction, Lesser Servant of Makhleb, Major
Destruction, Greater Servant of Makhleb, Renounce Religion, Evoke Flight


You were in the Dungeon.
You worshipped Makhleb.
Makhleb was exalted by your worship.
You were full.

You visited 1 branch

Inventory:

Hand Weapons
 b - a +5 hand crossbow of velocity
 N - the cursed +14 obsidian axe (weapon) {chop, +Fly SInv *Curse}
   (You found it in the Dungeon)

   It inflicts extra damage upon your enemies.
   It lets you see invisible.
   It lets you fly.
   It may re-curse itself when equipped.
   It has a curse placed upon it.
Missiles
 O - 1000 bolts
Armour
 L - the +15 Maxwell's patent armour (worn) {-Cast -Tele rElec MR+ rCorr}
   (You found it in the Dungeon)

   It insulates you from electricity.
   It affects your resistance to hostile enchantments.
   It prevents spellcasting.
   It prevents most forms of teleportation.
   It protects you from acid and corrosion.
 M - the +18 shield of the Gong (worn) {rElec rN+ MR+ EV-5}
   (You found it in the Dungeon)

   It affects your evasion (-5).
   It insulates you from electricity.
   It protects you from negative energy.
   It affects your resistance to hostile enchantments.
 T - a +0 helmet of see invisible (worn)
 Z - the +0 pair of gloves of Follow the Leader (worn) {rElec rC- Slay+2}
   (You found it in the Dungeon)

   It affects your accuracy and damage with ranged weapons and melee attacks
   (+2).
   It makes you vulnerable to cold.
   It insulates you from electricity.
Jewellery
 c - the amulet of Uggeru Zoyw (around neck) {Reflect MR- Int+4 SH+5 SInv}
   (You found it in the Dungeon)

   [amulet of reflection]

   It shields you and reflects attacks.
   It affects your intelligence (+4).
   It affects your resistance to hostile enchantments.
   It lets you see invisible.
   It affects your SH (+5).
 p - the amulet of Salvation {Regen+ Dex+2}
   (You found it in the Dungeon)

   [amulet of regeneration]

   It affects your dexterity (+2).
   It increases your rate of regeneration.
 y - a +6 ring of dexterity
 B - a +6 ring of dexterity (right hand)
 C - an uncursed ring of fire
 D - a +6 ring of intelligence
 E - a +6 ring of strength (left hand)
 F - a +6 ring of strength
 P - an uncursed ring of flight
 R - a +2 ring of dexterity
 U - the ring of Mymoxzor {Ice +Blink Dex+4}
   (You found it in the Dungeon)

   [ring of ice]

   It enhances your ice magic.
   It affects your dexterity (+4).
   It makes you vulnerable to fire.
   It protects you from cold.
   It lets you blink.
 V - an uncursed ring of positive energy
Wands
 e - a wand of heal wounds (0/9)
 G - a wand of disintegration (7/24)
 H - a wand of iceblast (5/15)
 I - a wand of lightning (5/15)
 J - a wand of acid (5/15)
Scrolls
 l - 4 scrolls of blinking
 r - 4 scrolls of amnesia
 s - 4 scrolls of recharging
 t - 7 scrolls of fog
 u - a scroll of holy word
 v - 5 scrolls of identify
 w - 5 scrolls of remove curse
 x - 2 scrolls of fear
Potions
 d - 5 potions of might
 g - 10 potions of curing
 h - 10 potions of heal wounds
 i - 8 potions of haste
 j - 7 potions of magic
 k - 3 potions of berserk rage
 m - 2 potions of brilliance
 n - 2 potions of invisibility
 o - 4 potions of resistance
 q - 4 potions of agility
Books
 a - a manual of Dodging
 Q - the Tome of Glacial Companions
   (You found it in the Dungeon)

   Spells                             Type                      Level
   a - Freeze                         Ice                          1
   b - Ensorcelled Hibernation        Hexes/Ice                    2
   c - Call Imp                       Summoning                    2
   d - Call Canine Familiar           Summoning                    3
   e - Summon Forest                  Summoning/Translocation      5
 X - Sif Muna's Compendium of Virous Creation
   (You found it in the Dungeon)

   Spells                             Type                      Level
   a - Summon Butterflies             Summoning                    1
   b - Spider Form                    Transmutation/Poison         3
   c - Summon Lightning Spire         Summoning/Air                4
   d - Summon Forest                  Summoning/Translocation      5
   e - Summon Hydra                   Summoning                    7
 Y - Tisolell's Grimoire of Creative Orientation
   (You found it in the Dungeon)

   Spells                             Type                      Level
   a - Summon Small Mammal            Summoning                    1
   b - Apportation                    Translocation                1
   c - Summon Guardian Golem          Hexes/Summoning              3
   d - Call Canine Familiar           Summoning                    3
   e - Summon Ice Beast               Ice/Summoning                4
   f - Spellforged Servitor           Conjuration/Summoning        7
Miscellaneous
 K - a disc of storms
 S - 2 phantom mirrors
 W - a sack of spiders
Comestibles
 f - 5 bread rations
 z - 42 fruits
 A - 3 meat rations


   Skills:
 + Level 20.4 Fighting
 + Level 23.8 Axes
 + Level 4.3 Armour
 + Level 6.0 Dodging
 - Level 6.7 Stealth
 + Level 10.1 Shields
 + Level 9.0 Invocations
 + Level 4.4 Evocations


You had 12 spell levels left.
You didn't know any spells.

Dungeon Overview and Level Annotations

Branches:
Dungeon (1/1)

Altars:
Ashenzari
Cheibriados
Dithmenos
Elyvilon
Fedhas
Gozag
Hepliaklqana
Kikubaaqudgha
Makhleb
Nemelex Xobeh
Okawaru
Qazlal
Ru
Sif Muna
Trog
Uskayaw
Vehumet
Xom
Yredelemnul
Zin
The Shining One
Beogh
Jiyva
Lugonu


Innate Abilities, Weirdness & Mutations

You are resistant to damage.
You can recharge devices by infusing magical energy.
You passively map the area around you.
You do not regenerate.


Message History

You slice the blizzard demon!!
The blizzard demon is heavily wounded.
You slice the white imp!!
You kill the white imp!
Makhleb accepts your kill.
You feel better.
You slice the ice dragon!! You completely miss the ice devil.
You slash the ice beast!
Visions of slaying the ice dragon flood into your mind.
The ice dragon breathes frost at you. The blast of cold hits you!
You feel a terrible chill!
* * * LOW HITPOINT WARNING * * *
The blast of cold hits the ice devil.
The ice devil completely resists.
The blast of cold hits the rime drake.
The rime drake resists.
You block the ice beast's attack.
GONNNNG!
The frost giant casts a spell at you.
The bolt of cold hits the blizzard demon.
The blizzard demon resists.
The bolt of cold hits you!
You feel a terrible chill!
You die...

**
▓▓▓▓▓▓▓▓▓▓▓▓▓▓▓▓▓▓▓▓▓▓▓ ,
▓.....8©8.....▓....8©8.
▓..|):):}::...▓..[)|:|[ ,
, ▓...:=|)|/\...▓..}=443}
, ▓.............▓........
, ,
▓.....CYZ.....▓........
,,
,▓....Y2.4.....▓........
, ,
▓...k4@D......▓.....†.. ,
,▓......Y......▓.†▓.†††.
, , ,
▓.............▓.▓▓▓...▓ ,
▓..▓.......▓..▓..▓..... ,
,▓.............▓........
,,
▓.............▓▓▓▓▓▓▓▓▓
,,,
▓.............▓....8©8.
,,▓▓▓▓▓▓▓▓▓▓▓▓▓▓▓..}).|.)
, , , , ,8 8 ▓...})):[


You could see a frost giant, an ice dragon, a blizzard demon, 2 ice devils, a
rime drake, 3 ice beasts and a quokka simulacrum.

Vanquished Creatures
  An acid blob (D)
  A deep elf master archer (D)
  A deep elf blademaster (D)
  2 azure jellies (D)
  A vault warden (D)
  An ironheart preserver (D)
  A ghoul (D)
  3 very ugly things (D)
  A deep elf high priest (D)
  A death ooze (D)
  A vault guard (D)
  2 dancing weapons (D)
  A soul eater (D)
  3 deep elf knights (D)
  A sixfirhy (D)
  A death drake (shapeshifter) (D)
  3 deep elf magi (D)
  An orb spider (D)
  An ugly thing (D)
  A shining eye (D)
  2 guardian serpents (shapeshifter) (D)
  An eye of devastation (shapeshifter) (D)
  A rime drake (D)
  A yaktaur (D)
  A yaktaur (shapeshifter) (D)
  5 merfolk (D)
  A jumping spider (D)
  A large abomination (D)
  3 two-headed ogres (D)
  A polar bear (shapeshifter) (D)
  3 slime creatures (D)
  2 spriggans (D)
  An air elemental (D)
  A water elemental (D)
  A fire elemental (D)
  A neqoxec (D)
  A small abomination (D)
  A hell hound (D)
  2 wolves (D)
  A centaur (D)
  An earth elemental (D)
  3 scorpions (D)
  2 crimson imps (D)
  A quasit (D)
  A jelly (D)
  An iron imp (D)
  A shadow imp (D)
  3 white imps (D)
  4 ufetubi (D)
  An adder zombie (D)
  4 bat skeletons (D)
  5 bat zombies (D)
  2 ball python zombies (D)
  A bat simulacrum (D)
  A giant cockroach zombie (D)
  A giant gecko zombie (D)
  A quokka skeleton (D)
  2 quokka zombies (D)
  2 crawling corpses (D)
  2 starspawn tentacles (D)
98 creatures vanquished.

Vanquished Creatures (collateral kills)
  A tentacled starspawn (D)
  A vault warden (D)
  A vault guard (D)
  A soul eater (D)
  2 deep elf magi (D)
  An eye of devastation (D)
  A merfolk (D)
  A red devil (D)
  A jumping spider (shapeshifter) (D)
  A boulder beetle (D)
  A neqoxec (D)
  An earth elemental (D)
  A jelly (D)
  An ooze (D)
  A bat skeleton (D)
  A bat zombie (D)
  A quokka zombie (D)
  A spectral giant gecko (D)
  A crawling corpse (D)
  A starspawn tentacle (D)
21 creatures vanquished.

Vanquished Creatures (others)
  A deep elf master archer (D)
  A neqoxec (D)
  A giant eyeball (shapeshifter) (D)
  A white imp (D)
  A bat simulacrum (D)
  A starspawn tentacle (D)
6 creatures vanquished.

Grand Total: 125 creatures vanquished

Notes
Turn   | Place    | Note
-------+----------+-------------------------------------------
     0 | D        | poirepourri the Deep Dwarf Fighter began the quest for the Orb.
     0 | D        | Reached XP level 1. HP: 20/20 MP: 1/1
     2 | D        | Found a blossoming altar of Fedhas.
     7 | D        | Found a deep blue altar of Sif Muna.
     7 | D        | Found a sacrificial altar of Ru.
     7 | D        | Found a bloodstained altar of Trog.
     7 | D        | Found a stormy altar of Qazlal.
     7 | D        | Found an iron altar of Okawaru.
     7 | D        | Found a sparkling altar of Nemelex Xobeh.
     9 | D        | Found an ancient bone altar of Kikubaaqudgha.
     9 | D        | Found a viscous altar of Jiyva.
     9 | D        | Found a corrupted altar of Lugonu.
     9 | D        | Found a hazy altar of Hepliaklqana.
     9 | D        | Found a burning altar of Makhleb.
     9 | D        | Found an opulent altar of Gozag.
    95 | D        | Reached skill level 5 in Fighting
    95 | D        | Reached skill level 6 in Axes
    95 | D        | Reached XP level 2. HP: 32/32 MP: 2/2
   119 | D        | Became a worshipper of Makhleb the Destroyer
   187 | D        | Entered arena 1.
   187 | D        | Noticed a glaive of protection
   187 | D        | Noticed a deep elf knight
   194 | D        | Killed a deep elf knight
   194 | D        | Reached skill level 10 in Axes
   194 | D        | Reached XP level 3. HP: 35/52 MP: 3/3
   194 | D        | Reached XP level 4. HP: 41/61 MP: 4/4
   194 | D        | Reached XP level 5. HP: 46/68 MP: 5/5
   194 | D        | Reached XP level 6. HP: 51/75 MP: 6/6
   194 | D        | Reached XP level 7. HP: 56/82 MP: 7/7
   198 | D        | Killed a glaive of protection
   198 | D        | Reached skill level 11 in Axes
   198 | D        | Reached XP level 8. HP: 64/94 MP: 8/8
   205 | D        | Entered arena 2.
   205 | D        | Noticed a two-headed ogre
   205 | D        | Noticed a two-headed ogre
   205 | D        | Noticed a two-headed ogre
   208 | D        | Killed a two-headed ogre
   208 | D        | Reached * piety under Makhleb
   208 | D        | Reached skill level 1 in Dodging
   212 | D        | Killed a two-headed ogre
   212 | D        | Reached skill level 12 in Axes
   212 | D        | Killed a two-headed ogre
   212 | D        | Reached skill level 1 in Evocations
   229 | D        | Entered arena 3.
   233 | D        | Reached ** piety under Makhleb
   233 | D        | Reached skill level 13 in Axes
   233 | D        | Gained mutation: You passively map the area around you. [Deep Dwarf growth]
   233 | D        | Reached XP level 9. HP: 105/105 MP: 8/10
   233 | D        | Noticed a sun demon
   254 | D        | Identified the Tome of Glacial Companions (You found it in the Dungeon)
   257 | D        | Entered arena 4.
   257 | D        | Noticed a jumping spider
   261 | D        | Reached *** piety under Makhleb
   261 | D        | Killed a jumping spider
   261 | D        | Reached skill level 15 in Fighting
   267 | D        | Entered arena 5.
   267 | D        | Noticed a deep elf knight
   267 | D        | Noticed a hand axe of electrocution
   270 | D        | Killed a hand axe of electrocution
   270 | D        | Reached **** piety under Makhleb
   270 | D        | Reached skill level 14 in Axes
   276 | D        | Killed a deep elf knight
   276 | D        | Reached skill level 15 in Axes
   276 | D        | Reached XP level 10. HP: 113/117 MP: 11/11
   277 | D        | Reached ***** piety under Makhleb
   294 | D        | Entered arena 6.
   294 | D        | Noticed a sixfirhy
   300 | D        | Killed a sixfirhy
   316 | D        | Entered arena 7.
   320 | D        | Reached ****** piety under Makhleb
   327 | D        | Got the ring of Mymoxzor {Ice +Blink Dex+4}
   338 | D        | Entered arena 8.
   346 | D        | Reached skill level 16 in Axes
   374 | D        | Identified Sif Muna's Compendium of Virous Creation (You found it in the Dungeon)
   376 | D        | Identified Tisolell's Grimoire of Creative Orientation (You found it in the Dungeon)
   379 | D        | Entered arena 9.
   379 | D        | Noticed a vault warden
   379 | D        | Noticed a deep elf mage
   379 | D        | Noticed an ironheart preserver
   379 | D        | Noticed a vault guard
   379 | D        | Noticed a vault warden
   379 | D        | Noticed a vault guard
   385 | D        | Killed a vault warden
   385 | D        | Reached skill level 17 in Axes
   391 | D        | Killed a vault guard
   392 | D        | Killed a vault warden
   392 | D        | Reached skill level 18 in Axes
   392 | D        | Reached skill level 1 in Stealth
   392 | D        | Reached XP level 11. HP: 120/128 MP: 13/13
   394 | D        | Killed an ironheart preserver
   397 | D        | Killed a vault guard
   397 | D        | Reached skill level 19 in Axes
   400 | D        | Killed a deep elf mage
   412 | D        | Got the +0 pair of gloves of Follow the Leader {rElec rC- Slay+2}
   485 | D        | Entered arena 10.
   504 | D        | Got the amulet of Uggeru Zoyw {Reflect MR- Int+4 SH+5 SInv}
   513 | D        | Entered arena 11.
   514 | D        | Noticed a tentacled starspawn
   514 | D        | Noticed an orb spider
   523 | D        | Killed a tentacled starspawn
   543 | D        | Killed an orb spider
   543 | D        | Reached skill level 20 in Axes
   551 | D        | Got the amulet of Salvation {Regen+ Dex+2}
   586 | D        | Entered arena 12.
   586 | D        | Noticed a deep elf mage
   586 | D        | Noticed a deep elf master archer
   586 | D        | Noticed a deep elf master archer
   586 | D        | Noticed a deep elf blademaster
   587 | D        | Noticed a deep elf mage
   587 | D        | Noticed a deep elf knight
   587 | D        | Noticed a deep elf mage
   587 | D        | Noticed a deep elf high priest
   587 | D        | Noticed a deep elf mage
   593 | D        | Noticed a soul eater
   595 | D        | Killed a deep elf master archer
   596 | D        | Killed a deep elf master archer
   596 | D        | Reached skill level 21 in Axes
   596 | D        | Reached skill level 5 in Dodging
   596 | D        | Reached skill level 5 in Stealth
   596 | D        | Reached XP level 12. HP: 54/142 MP: 14/14
   598 | D        | Killed a deep elf blademaster
   602 | D        | Killed a deep elf high priest
   602 | D        | Reached skill level 22 in Axes
   633 | D        | Entered arena 13.
   634 | D        | Noticed a ghoul
   646 | D        | Killed a ghoul
   646 | D        | Reached skill level 1 in Invocations
   667 | D        | Entered arena 14.
   668 | D        | Noticed a death ooze
   668 | D        | Noticed an azure jelly
   669 | D        | Noticed an azure jelly
   669 | D        | Noticed an acid blob
   670 | D        | Noticed a green death
   671 | D        | Noticed a green death
   672 | D        | Noticed a green death
   675 | D        | Killed a death ooze
   675 | D        | Reached skill level 5 in Shields
   677 | D        | Killed an azure jelly
   679 | D        | Killed an acid blob
   679 | D        | Reached XP level 13. HP: 149/152 MP: 15/18
   682 | D        | Reached skill level 23 in Axes
   689 | D        | Killed an azure jelly
   719 | D        | Entered arena 15.
   721 | D        | Noticed a red very ugly thing
   721 | D        | Noticed a green very ugly thing
   721 | D        | Noticed a green very ugly thing
   732 | D        | Killed a green very ugly thing
   735 | D        | Killed a red very ugly thing
   740 | D        | Killed a green very ugly thing
   740 | D        | Reached skill level 10 in Shields
   782 | D        | Entered arena 16.
   785 | D        | Noticed a blizzard demon
   785 | D        | Noticed a frost giant
   792 | D        | Killed from afar by a frost giant

Vault maps used:
D:        sprint_v

Skill      XL: |  1  2  3  4  5  6  7  8  9 10 11 12 13 |
---------------+----------------------------------------+-----
Fighting       | 5 11 13 14 16 17 19 20 | 20.4
Axes           | 6 10 11 13 15 18 21 22 23 | 23.8
Dodging        | 1 2 3 5 6 |  6.0
Evocations     | 1 2 3 4 |  4.4
Stealth        | 1 5 6 |  6.7
Shields        | 7 10 | 10.1
Invocations    | 6 9 |  9.0
Armour         | 4 |  4.3

Action                   |  1- 3 |  4- 6 |  7- 9 | 10-12 | 13-15 || total
-------------------------+-------+-------+-------+-------+-------++-------
Melee: Broad axe         |     5 |       |    25 |    98 |    30 ||   158
Invok: Lesser Servant of |       |       |       |     4 |       ||     4
       Greater Servant o |       |       |       |     3 |       ||     3
Evoke: Wand              |       |       |     1 |     4 |       ||     5
  Use: Potion            |     1 |       |       |       |     2 ||     3
       Scroll            |       |       |     1 |       |       ||     1
 Stab: Distracted        |       |       |       |     2 |     1 ||     3
       Petrifying        |       |       |       |     1 |       ||     1
  Eat: Meat ration       |       |       |       |     1 |       ||     1
Armor: Plate armour      |       |       |    13 |    85 |    17 ||   115
Dodge: Dodged            |     1 |       |     2 |     8 |     8 ||    19
Block: Shield            |    11 |       |    59 |   223 |    63 ||   356
       Reflection        |       |       |       |     6 |     1 ||     7
